 Dungeon Crawl Stone Soup version 0.30.0-19-g36f170ea60 (webtiles) character file.

Game seed: 13402970068811862670

58 xSliceyx the Magician (level 4, -3/25 (31) HPs)
             Began as a Djinni Hedge Wizard on May 29, 2023.
             Killed from afar by a white imp (10 damage)
             ... with a puff of frost
             ... on level 4 of the Dungeon.
             The game lasted 00:05:51 (2137 turns).

xSliceyx the Magician (Djinni Hedge Wizard)         Turns: 2137, Time: 00:05:51

HP:   -3/25 (31)    AC:  3    Str:  9    XL:     4   Next: 20%
Gold: 195           EV: 12    Int: 18    God:
                    SH:  0    Dex: 12

rFire   + + .        h - +0 dagger (elec)
rCold   x . .        c - orb {guile}
rNeg    . . .        b - +0 robe
rPois   ∞            a - +0 hat
rElec   .            (no cloak)
rCorr   .            l - +0 pair of gloves
SInv    .            (boots unavailable)
Will    .....        (no amulet)
Stlth   ++           (no ring)
HPRegen 0.24/turn    (no ring)
MPRegen 0.00/turn

%: infuse magic (-4 HP)
@: flying, heavily drained
A: sickness immunity, fire resistance 2, cold vulnerability 1, float, innate
caster, HP casting, extra vitality 1
a: no special abilities


You were on level 4 of the Dungeon.
You visited 1 branch of the dungeon, and saw 4 of its levels.

You collected 195 gold pieces.

Inventory:

Hand Weapons
 d - a +0 short sword
 h - a +0 dagger of electrocution (weapon)
Armour
 a - a +0 hat (worn)
 b - a +0 robe (worn)
 c - an orb of guile (worn)
 l - a +0 pair of gloves (worn)
 q - a +0 cloak
Magical Staves
 e - a staff of death
Scrolls
 k - a scroll of brand weapon {unknown}
 m - a scroll of torment {unknown}
 n - 2 scrolls of vulnerability {unknown}
Potions
 f - 2 potions of attraction {unknown}
 g - a potion of magic {unknown}
 i - 2 potions of degeneration {unknown}
 j - 2 potions of curing {unknown}
 o - a potion of resistance {unknown}
 p - a potion of mutation {unknown}


   Skills:
 - Level 2.1 Dodging
 - Level 1.5 Stealth
 + Level 3.7 Spellcasting


You knew the following spells:

 Your Spells              Type           Power      Damage    Failure   Level
a - Magic Dart            Conj           64%        1d6       3%          1
b - Slow                  Hex            64%        N/A       3%          1
c - Blink                 Tloc           32%        N/A       4%          2
d - Call Imp              Summ           32%        N/A       4%          2
e - Mephitic Cloud        Conj/Pois/Air  16%        N/A       10%         3
f - Kiss of Death         Conj/Necr      64%        2d10      3%          1
Your spell library was empty.

Dungeon Overview and Level Annotations

Branches:
Dungeon (4/15)
 Temple: D:4-7

Altars:
Elyvilon
Uskayaw


Innate Abilities, Weirdness & Mutations

You are immune to sickness and miasma.
You are immune to poison.
Your flesh is very heat resistant. (rF++)
You are vulnerable to cold. (rC-)
You float through the air rather than walking.
You learn spells naturally, not from books.
Your magical power is your life essence.
You have superior vitality. (+4 MHP)


Message History

Unknown command.
Casting: Magic Dart (safe; 3% risk of failure)
Confirm with . or Enter, or press ? or * to list all spells.
Aiming: Magic Dart (safe; 3% risk of failure)
Press: ? - help, Shift-Dir - straight line, f/p - white imp
Aim: a white imp (heavily wounded, ally target, 100% to hit)
The magic dart hits the white imp but does no damage.
The white imp is heavily wounded.
Your cerulean imp barely misses the white imp.
Unknown command.
Casting: Magic Dart (safe; 3% risk of failure)
Confirm with . or Enter, or press ? or * to list all spells.
Aiming: Magic Dart (safe; 3% risk of failure)
Press: ? - help, Shift-Dir - straight line, f/p - white imp
Aim: a white imp (heavily wounded, ally target, 100% to hit)
The magic dart hits the white imp.
The white imp is heavily wounded.
Your cerulean imp hits the white imp but does no damage.
The white imp hits your cerulean imp but does no damage.
Casting: Magic Dart (safe; 3% risk of failure)
Confirm with . or Enter, or press ? or * to list all spells.
Aiming: Magic Dart (safe; 3% risk of failure)
Press: ? - help, Shift-Dir - straight line, f/p - white imp
Aim: a white imp (heavily wounded, not watching you, ally target, 100% to hit)
The magic dart hits the white imp but does no damage.
The white imp is heavily wounded.
Your cerulean imp barely misses the white imp.
Unknown command.
Casting: Magic Dart (safe; 3% risk of failure)
Confirm with . or Enter, or press ? or * to list all spells.
Aiming: Magic Dart (safe; 3% risk of failure)
Press: ? - help, Shift-Dir - straight line, f/p - white imp
Aim: a white imp (heavily wounded, ally target, 100% to hit)
The magic dart hits the white imp.
The white imp is severely wounded.
* * * LOW HITPOINT WARNING * * *
Your cerulean imp barely misses the white imp.
The white imp gestures at you. The puff of frost hits you!
You feel a terrible chill!
You die...

..# ..# ...
#.## #
...####.#
#.......#
#.......#
#@...[...
#####.#####.#
#...#5#
#.#'#.#
#...5.#
#.....#
#..<..#
##..†.#
+....#


You could see a white imp (ally target) and a friendly cerulean imp (summoned).

Vanquished Creatures
  2 adders
  2 dart slugs
  2 ball pythons (D:2)
  A bat (D:1)
  2 endoplasms (D:2)
  A giant cockroach (D:1)
  5 goblins
  A hobgoblin (D:3)
  4 quokkas
  3 frilled lizards (D:1)
  5 kobolds
  6 rats
34 creatures vanquished.

Vanquished Creatures (collateral kills)
  A hobgoblin (D:4)
1 creature vanquished.

Grand Total: 35 creatures vanquished

Notes
Turn   | Place    | Note
-------+----------+-------------------------------------------
     0 | D:1      | xSliceyx the Djinni Hedge Wizard began the quest for the
                  | Orb.
     0 | D:1      | xSliceyx set off with the following spells memorised: Magic
                  | Dart, Slow, Blink, Call Imp, Mephitic Cloud.
     0 | D:1      | Reached XP level 1. HP: 15/15 MP: 0/0
   169 | D:1      | Reached XP level 2. HP: 19/21 MP: 0/0
   355 | D:1      | Reached skill level 3 in Spellcasting
   745 | D:2      | Reached XP level 3. HP: 22/25 MP: 0/0
   745 | D:2      | Learned a level 1 spell: Kiss of Death
  1791 | D:3      | Found a white marble altar of Elyvilon.
  1992 | D:3      | Found a hide-covered altar of Uskayaw.
  2121 | D:4      | Reached XP level 4. HP: 10/25 MP: 0/0
  2137 | D:4      | Killed from afar by a white imp

Illustrated notes

Levels and vault maps discovered:
D:1:      wander_arrival_chamber, layout_basic
D:2:      layout_loops_ring, minmay_close_crescents
D:3:      layout_basic, mainiacjoe_overflow_alcove_2, elyvilon_altar_1
D:4:      layout_basic, nicolae_qazlal_style_of_elements,
          mainiacjoe_overflow_swirl, ebering_ghost_disaster_area,
          enter_ossuary_5

Skill      XL: |  1  2 |
---------------+-------+-----
Spellcasting   | 3 |  3.7
Dodging        | |  2.1
Stealth        | |  1.5

Action                     |  1- 3 |  4- 6 || total
---------------------------+-------+-------++-------
  Melee: Dagger            |     5 |       ||     5
   Cast: Magic Dart        |    77 |     7 ||    84
         Kiss of Death     |     2 |       ||     2
         Call Imp          |     1 |       ||     1
 Armour: Robe              |     6 |       ||     6
  Dodge: Dodged            |    10 |       ||    10
